General information
- name: BNet
- type: Ladder team game (AT/RT)
- host: Battle.net
- saver: SaItito
map: TwilightRuins
- players: 8
- length: 24:52
- speed: Fast
- version: 1.26 W3XP
- replay type: Public
» download(162 KB)
Players
team 1 (loser)

»
beerzownme (
teal | 48 APM | 1179 actions | 24:48)
6 Goblin Tinker
2 Pocket Factory
3 Engineering Upgrade
1 Robo-Goblin
4 Priestess of the Moon
2 Trueshot Aura
2 Searing Arrows
4 Keeper of the Grove
2 Entangling Roots
2 Thorns Aura
» actions
| Basic commands | 49 | |
| Build / train | 88 | |
| Enter build submenu | 26 | |
| Enter hero's abilities submenu | 14 | |
| Give item / drop item | 5 | |
| Remove unit from queue | 2 | |
| Right click | 468 | |
| Select / deselect | 449 | |
| Use ability | 78 | |
1179 total
» units
| Wisp | 15 | |
| Archer | 10 | |
| Huntress | 1 | |
| Goblin Shredder | 1 | |
| Hippogryph | 4 | |
| Druid of the Talon | 1 | |
| Chimaera | 1 | |
| Dryad | 2 | |
35 total
» upgrades
| Strength of the Moon | 2 | |
| Ultravision | 1 | |
| Improved Bows | 1 | |
| Hippogryph Taming | 1 | |
| Moon Armor | 1 | |
| Druid of the Talon Training | 2 | |
| Marksmanship | 1 | |
| Strength of the Wild | 1 | |
| Abolish Magic | 1 | |
| Corrosive Breath | 1 | |
12 total
» buildings
| Moon Well | 7 | |
| Altar of Elders | 1 | |
| Ancient of War | 1 | |
| Ancient of Wonders | 1 | |
| Hunter's Hall | 1 | |
| Tree of Life | 2 | |
| Tree of Ages | 1 | |
| Ancient Protector | 1 | |
| Ancient of Wind | 2 | |
| Tree of Eternity | 1 | |
| Chimaera Roost | 1 | |
| Ancient of Lore | 2 | |
21 total
» build order
00:20 Moon Well
00:47 Altar of Elders
01:10 Ancient of War
01:29 Moon Well
02:08 Moon Well
02:46 Ancient of Wonders
03:59 Hunter's Hall
04:23 Tree of Life
04:53 Tree of Ages
05:10 Ancient Protector
05:18 Moon Well
08:37 Ancient of Wind
08:54 Ancient of Wind
09:47 Tree of Eternity
11:13 Moon Well
11:38 Moon Well
12:20 Chimaera Roost
13:42 Ancient of Lore
14:18 Ancient of Lore
17:38 Tree of Life
17:42 Moon Well
» items
| Periapt of Vitality | 3 | |
| Boots of Speed | 2 | |
| Scroll of Town Portal | 3 | |
| Potion of Healing | 1 | |
| Circlet of Nobility | 3 | |
| Scroll of Healing | 4 | |
| Potion of Lesser Invulnerability | 3 | |
| Orb of Venom | 1 | |
20 total
eli1eli1 (
pink | 30 APM | 737 actions | 24:48)
3 Archmage
2 Summon Water Elemental
1 Blizzard
1 Paladin
1 Devotion Aura
2 Mountain King
1 Thunder Clap
1 Bash
» actions
| Assign group hotkey | 3 | |
| Basic commands | 16 | |
| Build / train | 63 | |
| Enter build submenu | 22 | |
| Enter hero's abilities submenu | 6 | |
| Give item / drop item | 4 | |
| Remove unit from queue | 1 | |
| Right click | 383 | |
| Select / deselect | 189 | |
| Select group hotkey | 12 | |
| Use ability | 38 | |
737 total
» units
| Peasant | 11 | |
| Footman | 5 | |
| Rifleman | 6 | |
| Dragonhawk Rider | 3 | |
| Gryphon Rider | 4 | |
29 total
» upgrades
| Swords | 2 | |
| Plating | 1 | |
| Gunpowder | 2 | |
| Armor | 2 | |
| Backpack | 1 | |
| Lumber Harvesting | 1 | |
9 total
» buildings
| Altar of Kings | 2 | |
| Farm | 8 | |
| Barracks | 2 | |
| Arcane Vault | 1 | |
| Blacksmith | 1 | |
| Lumber Mill | 1 | |
| Keep | 1 | |
| Town Hall | 1 | |
| Gryphon Aviary | 1 | |
| Castle | 1 | |
| Scout Tower | 6 | |
| Guard Tower | 9 | |
| Workshop | 1 | |
35 total
» build order
00:08 Altar of Kings
00:28 Farm
00:34 Barracks
01:31 Farm
01:36 Farm
03:46 Arcane Vault
03:59 Blacksmith
04:05 Farm
06:11 Farm
07:40 Lumber Mill
07:49 Keep
09:09 Town Hall
10:35 Gryphon Aviary
11:04 Barracks
13:02 Farm
13:03 Farm
13:09 Castle
14:23 Scout Tower
14:24 Scout Tower
14:26 Scout Tower
14:26 Scout Tower
14:28 Scout Tower
14:30 Scout Tower
14:43 Farm
14:48 Altar of Kings
15:00 Guard Tower
16:29 Guard Tower
16:37 Guard Tower
16:37 Guard Tower
16:37 Guard Tower
17:09 Guard Tower
17:11 Guard Tower
17:23 Guard Tower
17:43 Workshop
» items
| Scroll of Regeneration | 1 | |
| Mechanical Critter | 1 | |
| Potion of Healing | 2 | |
4 total
OhlongdonJonson (
red | 48 APM | 901 actions | 18:55)
4 Archmage
2 Summon Water Elemental
2 Brilliance Aura
3 Paladin
1 Holy Light
2 Devotion Aura
2 Mountain King
1 Storm Bolt
1 Bash
» actions
| Assign group hotkey | 26 | |
| Basic commands | 11 | |
| Build / train | 82 | |
| Enter build submenu | 30 | |
| Enter hero's abilities submenu | 9 | |
| Give item / drop item | 3 | |
| Remove unit from queue | 1 | |
| Right click | 269 | |
| Select / deselect | 257 | |
| Select group hotkey | 140 | |
| Use ability | 73 | |
901 total
» units
| Peasant | 22 | |
| Footman | 8 | |
| Priest | 5 | |
| Knight | 3 | |
| Sorceress | 1 | |
39 total
» upgrades
| Swords | 2 | |
| Defend | 1 | |
| Lumber Harvesting | 2 | |
| Masonry | 2 | |
| Animal War Training | 1 | |
| Priest Training | 2 | |
| Plating | 2 | |
| Magic Sentry | 1 | |
| Sorceress Training | 1 | |
14 total
» buildings
| Farm | 10 | |
| Altar of Kings | 1 | |
| Barracks | 1 | |
| Arcane Vault | 1 | |
| Blacksmith | 1 | |
| Keep | 1 | |
| Lumber Mill | 1 | |
| Town Hall | 2 | |
| Castle | 1 | |
| Scout Tower | 11 | |
| Arcane Sanctum | 2 | |
| Guard Tower | 7 | |
| Arcane Tower | 1 | |
40 total
» build order
00:36 Farm
00:51 Altar of Kings
01:18 Barracks
01:40 Farm
02:16 Farm
02:23 Arcane Vault
02:53 Farm
03:37 Blacksmith
03:41 Farm
04:01 Keep
04:30 Lumber Mill
06:08 Town Hall
07:22 Castle
07:37 Scout Tower
07:45 Scout Tower
08:01 Arcane Sanctum
09:00 Guard Tower
09:24 Farm
10:36 Farm
10:55 Scout Tower
11:01 Scout Tower
11:40 Farm
11:59 Guard Tower
12:02 Scout Tower
12:04 Guard Tower
12:08 Scout Tower
12:23 Arcane Sanctum
12:44 Scout Tower
12:45 Arcane Tower
12:47 Guard Tower
13:42 Scout Tower
13:45 Guard Tower
13:48 Farm
14:14 Town Hall
14:45 Scout Tower
14:49 Farm
15:16 Guard Tower
15:23 Scout Tower
15:24 Keep
15:44 Scout Tower
15:45 Guard Tower
» items
| Scroll of Regeneration | 2 | |
| Scroll of Town Portal | 1 | |
| Orb of Fire | 1 | |
| Potion of Healing | 1 | |
| Potion of Mana | 1 | |
6 total

»
im_a_noob (
purple | 2 APM | 44 actions | 18:06)
» actions
| Build / train | 2 | |
| Right click | 8 | |
| Select / deselect | 32 | |
| Use ability | 1 | |
44 total
» units
team 2 (winner)
Cappadona (
blue | 51 APM | 1260 actions | 24:48)
6 Death Knight
3 Death Coil
2 Death Pact
1 Animate Dead
» actions
| Assign group hotkey | 3 | |
| Basic commands | 268 | |
| Build / train | 103 | |
| ESC pressed | 1 | |
| Enter build submenu | 27 | |
| Enter hero's abilities submenu | 6 | |
| Right click | 426 | |
| Select / deselect | 349 | |
| Select group hotkey | 12 | |
| Use ability | 65 | |
1260 total
» units
| Acolyte | 12 | |
| Ghoul | 22 | |
| Crypt Fiend | 4 | |
| Frost Wyrm | 16 | |
| Obsidian Statue | 1 | |
55 total
» upgrades
| Cannibalize | 1 | |
| Web | 1 | |
| Creature Carapace | 2 | |
| Creature Attack | 3 | |
7 total
» buildings
| Altar of Darkness | 1 | |
| Ziggurat | 11 | |
| Crypt | 2 | |
| Halls of the Dead | 4 | |
| Graveyard | 2 | |
| Necropolis | 2 | |
| Sacrificial Pit | 1 | |
| Black Citadel | 2 | |
| Spirit Tower | 9 | |
| Tomb of Relics | 1 | |
| Boneyard | 2 | |
| Slaughterhouse | 1 | |
38 total
» build order
00:37 Altar of Darkness
00:42 Ziggurat
00:59 Crypt
01:40 Ziggurat
01:51 Crypt
02:42 Ziggurat
05:39 Halls of the Dead
05:39 Halls of the Dead
05:39 Halls of the Dead
05:40 Halls of the Dead
06:09 Ziggurat
07:01 Graveyard
07:51 Ziggurat
08:02 Ziggurat
08:05 Necropolis
08:10 Ziggurat
08:13 Ziggurat
08:16 Ziggurat
09:02 Sacrificial Pit
09:04 Black Citadel
09:05 Black Citadel
09:10 Spirit Tower
09:10 Spirit Tower
10:25 Spirit Tower
10:26 Spirit Tower
10:42 Spirit Tower
10:42 Spirit Tower
11:11 Necropolis
11:17 Tomb of Relics
11:36 Boneyard
12:00 Boneyard
14:13 Slaughterhouse
21:06 Ziggurat
21:25 Graveyard
22:00 Spirit Tower
22:05 Ziggurat
23:17 Spirit Tower
23:18 Spirit Tower
» items
| Scroll of Town Portal | 4 | |
| Scroll of the Beast | 1 | |
5 total

»
SaItito (
green | 64 APM | 1601 actions | 24:52)
4 Tauren Chieftain
2 Endurance Aura
2 War Stomp
» actions
| Assign group hotkey | 21 | |
| Basic commands | 94 | |
| Build / train | 43 | |
| Enter build submenu | 22 | |
| Enter hero's abilities submenu | 4 | |
| Remove unit from queue | 5 | |
| Right click | 779 | |
| Select / deselect | 337 | |
| Select group hotkey | 209 | |
| Use ability | 87 | |
1601 total
» units
| Peon | 13 | |
| Goblin Shredder | 1 | |
| Raider | 12 | |
| Troll Batrider | -3 | |
23 total
» upgrades
| Pillage | 1 | |
| Melee Weapons | 2 | |
| Armor | 2 | |
| Ensnare | 1 | |
6 total
» buildings
| Orc Burrow | 6 | |
| War Mill | 1 | |
| Altar of Storms | 1 | |
| Stronghold | 1 | |
| Watch Tower | 4 | |
| Voodoo Lounge | 1 | |
| Beastiary | 4 | |
| Fortress | 1 | |
19 total
» build order
00:18 Orc Burrow
00:35 War Mill
00:46 Altar of Storms
01:55 Orc Burrow
03:10 Stronghold
03:20 Watch Tower
03:32 Watch Tower
03:52 Orc Burrow
04:02 Watch Tower
05:05 Orc Burrow
05:13 Voodoo Lounge
06:22 Beastiary
06:25 Beastiary
06:57 Beastiary
07:08 Watch Tower
07:26 Beastiary
09:45 Orc Burrow
12:24 Orc Burrow
15:34 Fortress
» items
| Scroll of Town Portal | 1 | |
| Rod of Necromancy | 1 | |
2 total

»
xACKLy (
yellow | 70 APM | 1745 actions | 24:48)
5 Demon Hunter
2 Mana Burn
3 Evasion
4 Keeper of the Grove
2 Entangling Roots
2 Thorns Aura
» actions
| Assign group hotkey | 26 | |
| Basic commands | 361 | |
| Build / train | 54 | |
| ESC pressed | 1 | |
| Enter build submenu | 23 | |
| Enter hero's abilities submenu | 10 | |
| Give item / drop item | 2 | |
| Right click | 393 | |
| Select / deselect | 327 | |
| Select group hotkey | 493 | |
| Use ability | 55 | |
1745 total
» units
| Wisp | 16 | |
| Archer | 6 | |
| Druid of the Claw | 6 | |
| Dryad | 6 | |
34 total
» upgrades
| Reinforced Hides | 2 | |
| Druid of the Claw Training | 2 | |
| Strength of the Wild | 1 | |
5 total
» buildings
| Moon Well | 8 | |
| Altar of Elders | 1 | |
| Ancient of War | 1 | |
| Ancient of Wonders | 1 | |
| Tree of Ages | 1 | |
| Hunter's Hall | 1 | |
| Ancient of Lore | 2 | |
| Tree of Eternity | 1 | |
| Ancient Protector | 5 | |
| Tree of Life | 3 | |
24 total
» build order
00:29 Moon Well
00:36 Altar of Elders
00:59 Ancient of War
01:50 Moon Well
02:11 Ancient of Wonders
03:16 Moon Well
03:41 Moon Well
04:21 Tree of Ages
04:46 Hunter's Hall
06:46 Ancient of Lore
06:48 Ancient of Lore
08:21 Tree of Eternity
10:04 Moon Well
11:59 Moon Well
14:25 Moon Well
16:02 Moon Well
17:58 Ancient Protector
17:59 Ancient Protector
18:04 Ancient Protector
18:05 Ancient Protector
18:13 Ancient Protector
20:49 Tree of Life
20:54 Tree of Life
22:19 Tree of Life
bernam (
orange | 47 APM | 1165 actions | 24:48)
5 Archmage
1 Blizzard
3 Summon Water Elemental
1 Brilliance Aura
4 Paladin
1 Holy Light
1 Divine Shield
2 Devotion Aura
» actions
| Basic commands | 19 | |
| Build / train | 86 | |
| Enter build submenu | 25 | |
| Enter hero's abilities submenu | 9 | |
| Remove unit from queue | 1 | |
| Right click | 475 | |
| Select / deselect | 436 | |
| Use ability | 114 | |
1165 total
» units
| Peasant | 14 | |
| Footman | 4 | |
| Rifleman | 3 | |
| Goblin Sapper | 1 | |
| Priest | 2 | |
| Dragonhawk Rider | 1 | |
| Mortar Team | 2 | |
| Sorceress | 4 | |
| Knight | 3 | |
| Gryphon Rider | 5 | |
| Siege Engine | 3 | |
42 total
» upgrades
| Defend | 1 | |
| Plating | 1 | |
| Masonry | 2 | |
| Swords | 2 | |
| Lumber Harvesting | 1 | |
| Long Rifles | 1 | |
| Armor | 2 | |
| Gunpowder | 2 | |
| Priest Training | 2 | |
| Animal War Training | 1 | |
| Cloud | 1 | |
| Sorceress Training | 2 | |
| Fragmentation Shards | 1 | |
| Storm Hammers | 1 | |
| Barrage | 1 | |
21 total
» buildings
| Altar of Kings | 2 | |
| Farm | 9 | |
| Barracks | 2 | |
| Lumber Mill | 1 | |
| Arcane Vault | 1 | |
| Blacksmith | 1 | |
| Keep | 1 | |
| Arcane Sanctum | 2 | |
| Workshop | 1 | |
| Gryphon Aviary | 1 | |
| Castle | 1 | |
| Town Hall | 1 | |
23 total
» build order
00:47 Altar of Kings
00:54 Farm
01:16 Altar of Kings
01:36 Barracks
01:43 Lumber Mill
02:24 Farm
03:00 Arcane Vault
03:14 Farm
03:18 Blacksmith
04:21 Barracks
05:41 Keep
05:49 Farm
06:43 Farm
08:22 Arcane Sanctum
08:27 Workshop
08:39 Gryphon Aviary
10:55 Castle
11:03 Farm
11:50 Farm
11:54 Farm
12:57 Arcane Sanctum
13:03 Farm
15:07 Town Hall
» items
| Scroll of Regeneration | 3 | |
| Lesser Clarity Potion | 1 | |
| Scroll of Town Portal | 2 | |
| Potion of Healing | 2 | |
8 total
Chat log
(00:04 / Allies) xACKLy: oye
(00:08 / All) SaItito: careful red is a backstabber
(00:11 / All) SaItito: i would kill him first
(00:13 / All) bernam: drop him[]
(00:21 / All) SaItito: he massed morts
(00:22 / All) OhlongdonJonson: only if you talk too much shit MEOW
(00:24 / All) SaItito: and teamkilled me
(00:36 / All) im_a_noob: shut up green
(00:42 / All) bernam: team killer here
(00:47 / All) SaItito: fuck you nigger
(00:56 / All) im_a_noob: im white sory
(00:57 / All) beerzownme: hes white
(01:01 / All) im_a_noob: sorry*
(01:07 / All) bernam: im yellow
(01:11 / All) im_a_noob: wtf?
(01:26 / All) bernam: like simpsons
(01:32 / All) im_a_noob: how...
(02:05 / Allies) bernam: nobody is white..just snow and paper are white
(02:33 / All) SaItito: wood plz
(02:34 / All) SaItito: plz fast
(02:45 / All) SaItito: plz
(02:45 / All) SaItito: ty
(02:46 / Allies) bernam: i maked 2 altars
(02:51 / All) SaItito: LOL
(02:52 / Allies) bernam: fuck me right:
(03:00 / All) SaItito: you can get 6 heroes now
(03:02 / All) SaItito: instead of 3
(03:03 / Allies) bernam: im high
(03:07 / Allies) bernam: hehehehehe
(03:48 / Allies) bernam: y is so slow
(04:06 / All) bernam: the game is slow
(04:17 / All) SaItito: cool story bro
(04:34 / All) SaItito: warpten
(04:40 / All) SaItito: Cheat enabled!
(04:47 / All) im_a_noob: wat is warpten?
(05:03 / All) bernam: too danm slow
(05:24 / All) bernam: time hacker:::????
(05:27 / All) im_a_noob: purple is the best person in this game (dont question me)
(05:40 / All) SaItito: LOL PURPLE
(05:41 / All) SaItito: LOL
(05:49 / All) im_a_noob: sup chode licker?
(05:51 / All) SaItito: red ready to lose agian?
(05:53 / All) SaItito: you nigger lover
(06:02 / All) im_a_noob: whos a nigger lover?
(06:11 / All) SaItito: you son of a bitch
(06:23 / All) im_a_noob: im a nigger lover?
(06:33 / All) SaItito: bitch are you retarded
(06:34 / All) SaItito: i said yes
(06:37 / All) im_a_noob: no
(06:37 / All) SaItito: lol
(06:41 / All) im_a_noob: im not retarded
(06:42 / All) SaItito: you faggot
(06:49 / All) im_a_noob: i mean
(06:50 / All) SaItito: eat my nigger cock
(06:57 / All) im_a_noob: i kill niggers sorry
(06:59 / All) SaItito: lawl
(07:04 / All) SaItito: reported
(07:06 / All) SaItito: for racism
(07:09 / All) im_a_noob: thats nice bragh
(07:11 / All) im_a_noob: brah*
(07:18 / All) im_a_noob: i dont give 2 fuck
(07:20 / All) im_a_noob: s
(07:35 / All) im_a_noob: blizzard doesnt do shit
(08:06 / All) SaItito: gold me plz
(08:15 / All) SaItito: mother rucker
(08:18 / All) SaItito: YOU FUCKER
(08:26 / All) SaItito: nigger
(08:48 / All) im_a_noob: whos a nigger?
(08:52 / All) im_a_noob: cause i love killing them
(08:53 / All) SaItito: your mom is
(08:54 / All) im_a_noob: then eating them
(08:56 / All) SaItito: go slice her
(09:01 / All) im_a_noob: my moms white
(09:01 / All) SaItito: and rape her
(09:02 / All) im_a_noob: sorry
(09:07 / All) im_a_noob: i dont rape niggers
(09:08 / All) SaItito: she lied to you
(09:16 / All) im_a_noob: how am i white then bitch
(09:21 / All) SaItito: umadbro
(09:24 / All) SaItito: lawl
(09:30 / All) SaItito: gold me
(09:31 / All) SaItito: plz
(09:34 / All) im_a_noob: naw i anit mad brah
(09:43 / All) im_a_noob: just jerkin off
(09:46 / All) im_a_noob: to some WC3
(09:50 / All) SaItito: gold me
(09:55 / All) im_a_noob: cause the undead are hot as shit
(10:11 / All) SaItito: blue gold me
(10:28 / All) SaItito: blue
(10:32 / All) SaItito: gold me or your exp is going down
(10:41 / Allies) xACKLy: dude...
(11:01 / Allies) xACKLy: seriously jus play the fucking game
(11:07 / All) SaItito: i told him
(11:09 / All) SaItito: hes fucked now
(11:12 / All) SaItito: hes jewing me out
(11:12 / Allies) xACKLy: get a expo
(11:16 / All) SaItito: he has so much gold
(11:18 / All) im_a_noob: shut up green
(11:18 / All) SaItito: hes not sharing
(11:26 / All) im_a_noob: i bet i got more then he does
(11:32 / All) SaItito: look
(11:36 / All) im_a_noob: i cant
(11:45 / All) im_a_noob: hes not on my team
(11:49 / All) SaItito: stfu
(11:55 / All) im_a_noob: suck my dick?
(11:59 / All) im_a_noob: while i kill you
(13:19 / All) im_a_noob: damn green you suck
(13:23 / All) SaItito: LOL
(13:31 / All) SaItito: gg
(13:38 / All) SaItito: LOL
(13:44 / All) im_a_noob: are you stupid?
(13:54 / All) SaItito: LOL
(14:07 / All) SaItito: ty oj
(14:14 / All) SaItito: red is now fucked in the asshole
(14:20 / All) SaItito: gold me
(14:30 / All) SaItito: gold me
(14:30 / All) im_a_noob: 9k gold
(14:32 / All) im_a_noob: yay
(14:47 / Allies) xACKLy: i dont think purp is even playing..
(14:49 / Allies) Cappadona: ghol.d on
(15:00 / All) SaItito: red sucks
(15:03 / All) SaItito: i jus want him to lose
(15:04 / All) im_a_noob: who wants my gold anyway
(15:10 / All) im_a_noob: lol green
(15:44 / All) im_a_noob: almost 10k
(15:55 / All) SaItito: HI
(15:58 / All) SaItito: LOL
(16:13 / All) SaItito: LOL
(16:31 / All) SaItito: LOL
(17:01 / All) SaItito: LOL
(17:14 / All) SaItito: my cock is so large
(17:20 / All) SaItito: red u suck
(18:11 / All) SaItito: RED
(18:18 / All) SaItito: HOW DO U LIEK THIS
(18:28 / All) SaItito: ARE YOU HAPPY
(18:38 / All) SaItito: exterminate red
(18:42 / All) SaItito: make sure none of him survives
(19:43 / All) beerzownme: pink is pretty funny
(20:25 / Allies) Cappadona: hwy u tk
(20:27 / Allies) Cappadona: green
(20:29 / Allies) Cappadona: ?
(20:30 / All) SaItito: cuz u didnt gold me
(20:32 / All) SaItito: fuck
(20:36 / Allies) Cappadona: faggot
(20:42 / Allies) Cappadona: yea im jewish
(20:44 / Allies) Cappadona: and i lvoe it
(20:50 / All) SaItito: LOL
(20:52 / All) SaItito: HEIL HITLER
(20:56 / Allies) Cappadona: hell yea
(24:08 / All) SaItito: LOL
(24:44 / All) beerzownme: noooooooooooo